 Dungeon Crawl Stone Soup version 0.30-a0-918-g0ff054e9dc (webtiles) character file.

Game seed: 17417744555438030512

214 BlueFish the Insei (level 5, -3/34 HPs)
             Began as an Octopode Transmuter on Mar 21, 2023.
             Splashed by a jelly's acid (9 damage)
             ... on level 4 of the Dungeon.
             The game lasted 00:03:34 (2561 turns).

BlueFish the Insei (Octopode Transmuter)            Turns: 2561, Time: 00:03:35

Health: -3/34      AC: -6    Str: 11    XL:     5   Next: 92%
Magic:  3/9        EV: 20    Int: 16    God:
Gold:   84         SH:  0    Dex: 17    Spells: 3/9 levels left

rFire   . . .      SeeInvis .      - Unarmed
rCold   . . .      Faith    .    (shield currently unavailable)
rNeg    . . .      Spirit   .    (helmet currently unavailable)
rPois   x          Reflect  .    (no amulet)
rElec   .          Rampage  .    (no ring)
rCorr   .                        (no ring)
Will    .....                    (no ring)
Stlth   ++                       (no ring)
HPRegen 0.25/turn                (no ring)
MPRegen 0.11/turn                (no ring)
                                 (no ring)
                                 (no ring)

@: spider-form (expiring), corroded, very slightly contaminated
A: venomous fangs, almost no armour, (amphibious), 8 rings, tiny, (camouflage
1), (gelatinous body 1), (nimble swimmer 1), (tentacles)
a: End Transformation


You were on level 4 of the Dungeon.
You were a venomous arachnid creature.
You visited 1 branch of the dungeon, and saw 4 of its levels.

You collected 84 gold pieces.

Inventory:

Missiles
 i - 5 poisoned darts
 o - a throwing net
Wands
 r - a wand of digging (8)
 v - a wand of quicksilver (2)
 w - a wand of flame (17)
Scrolls
 b - a scroll of vulnerability {unknown}
 c - 7 scrolls of identify {unknown}
 d - 2 scrolls of amnesia {unknown}
 e - 2 scrolls of noise {unknown}
 f - a scroll of poison {unknown}
 g - 2 scrolls of magic mapping {unknown}
 j - 2 scrolls of blinking {unknown}
 n - 3 scrolls of teleportation {unknown}
 q - a scroll of summoning {unknown}
 s - 2 scrolls of fog {unknown}
 t - a scroll of brand weapon {unknown}
 u - a scroll of silence {unknown}
Potions
 a - 2 potions of lignification
 h - 4 potions of curing {unknown}
 k - a potion of heal wounds {unknown}
 l - a potion of attraction {unknown}
 m - a potion of flight {unknown}
 p - 3 potions of mutation {unknown}
 x - a potion of invisibility {unknown}


   Skills:
 + Level 2.3 Fighting
 + Level 2.9 Dodging
 * Level 2.3 Stealth
 + Level 3.7 Unarmed Combat
 + Level 2.7 Spellcasting
 + Level 2.9 Transmutations
 * Level 1.5 Poison Magic


You had 3 spell levels left.
You knew the following spells:

 Your Spells              Type           Power      Damage    Failure   Level
a - Beastly Appendage     Tmut           22%        N/A       16%         1
b - Wereblood             Tmut           11%        N/A       22%         2
c - Spider Form           Tmut/Pois      9%         N/A       43%         3

Your spell library contained the following spells:

 Spells                   Type           Power      Damage    Failure   Level
 Ice Form                 Ice/Tmut       6%         N/A       87%         4


Dungeon Overview and Level Annotations

Branches:
Dungeon (4/15)
 Temple: D:4-7

Altars:


Innate Abilities, Weirdness & Mutations

You are a venomous arachnid creature.
You have venomous fangs.
You are tiny and dextrous.
Your spellcasting is less reliable in this form.
Your armour is entirely melded.
You are incapable of wielding weapons or throwing items.
You cannot wear most types of armour.
((You are amphibious.))
You can wear up to eight rings at the same time.
((Your skin changes colour to match your surroundings (Stealth+).))
((Your rubbery body absorbs attacks. (AC +1, EV +1)))
((You are camouflaged when in or above water. (Stealth+)))
((You have tentacles for arms and can constrict up to eight enemies at once.))


Message History

a +4 quarterstaff of chaos; a +0 cloak of preservation; the gnoll corpse of Crazy Yiuf
There is a stone staircase leading up here.
There is a stone staircase leading down here.
You climb downwards.
There is a stone staircase leading up here.
You open the door.
There is an open door here.
A jelly comes into view.
The jelly quivers.
Casting: Spider Form (quite dangerous; 22% risk of failure)
Confirm with . or Enter, or press ? or * to list all spells.
The spell is quite dangerous to miscast (22% risk of failure)!
Continue anyway?
You miscast Spider Form.
You are very lightly contaminated with residual magic.
Nothing appears to happen.
Casting: Spider Form (quite dangerous; 22% risk of failure)
Confirm with . or Enter, or press ? or * to list all spells.
You don't know that spell.
You aren't wearing anything.
Casting: Spider Form (quite dangerous; 22% risk of failure)
Confirm with . or Enter, or press ? or * to list all spells.
The spell is quite dangerous to miscast (22% risk of failure)!
Continue anyway?
You turn into a venomous arachnid creature.
Found a club.
You hit the jelly.
Your front pincers burn!
The jelly is lightly wounded.
You hit the jelly. The acid corrodes you!
Your front pincers burn!
The jelly is moderately wounded.
The jelly hits you.
You are splashed with acid!
You hit the jelly. The acid corrodes you!
Your front pincers burn!
The jelly is heavily wounded.
Your transformation is almost over.
The jelly hits you.
You are splashed with acid!
You hit the jelly but do no damage.
Your front pincers burn!
* * * LOW HITPOINT WARNING * * *
The jelly is heavily wounded.
The jelly hits you.
* * * LOW HITPOINT WARNING * * *
You are splashed with acid!
You die...

#........#........
########'#.........
..................
..................
..................
..................
..................
######+##.........
#.s.......
#.J.......
+.........
#.........
#........)
#.........
#.........
#.........


You could see a jelly.

Vanquished Creatures
  Crazy Yiuf (D:3)
  Terence (D:2)
  Natasha (thrice) (D:3)
  5 adders
  A worm (D:2)
  4 endoplasms
  A giant cockroach (D:3)
  3 goblins
  7 hobgoblins
  A quokka (D:3)
  3 ball pythons
  5 bats
  4 frilled lizards
  2 kobolds (D:2)
  2 rats (D:1)
43 creatures vanquished.

Notes
Turn   | Place    | Note
-------+----------+-------------------------------------------
     0 | D:1      | BlueFish the Octopode Transmuter began the quest for the
                  | Orb.
     0 | D:1      | Reached XP level 1. HP: 13/13 MP: 3/3
   625 | D:2      | Reached XP level 2. HP: 17/18 MP: 5/5
   628 | D:2      | Learned a level 2 spell: Wereblood
   837 | D:2      | Reached XP level 3. HP: 18/23 MP: 6/6
   914 | D:2      | Noticed Terence
   922 | D:2      | Killed Terence
  1065 | D:2      | Reached XP level 4. HP: 26/29 MP: 5/7
  1551 | D:3      | Found a runed translucent door.
  1552 | D:3      | Noticed Crazy Yiuf
  1588 | D:3      | Noticed Natasha
  1594 | D:3      | Learned a level 3 spell: Spider Form
  1636 | D:3      | Killed Natasha
  1709 | D:3      | Reached XP level 5. HP: 34/34 MP: 8/8
  1709 | D:3      | Noticed Natasha
  1719 | D:3      | Killed Natasha
  1720 | D:3      | Reached skill level 1 in Stealth
  1720 | D:3      | Reached skill level 1 in Poison Magic
  2161 | D:3      | Noticed Natasha
  2166 | D:3      | Killed Natasha
  2397 | D:3      | Killed Crazy Yiuf
  2561 | D:4      | Splashed by a jelly's acid

Illustrated notes

Levels and vault maps discovered:
D:1:      eino_arrival_druids_welcome, layout_basic
D:2:      layout_basic, roderic_lattice_a, uniq_terence
D:3:      layout_basic, minmay_fractal_squares_5, uniq_natasha,
          uniq_crazy_yiuf_cottage
D:4:      layout_gridville, uniq_duvessa, uniq_sigmund

Skill      XL: |  1  2  3  4  5 |
---------------+----------------+-----
Fighting       | 2 |  2.3
Stealth        | 2 |  2.3
Poison Magic   | 1 |  1.5
Dodging        | |  2.9
Unarmed Combat | |  3.7
Spellcasting   | |  2.7
Transmutations | |  2.9

Action                     |  1- 3 |  4- 6 || total
---------------------------+-------+-------++-------
  Melee: Unarmed           |    52 |    50 ||   102
         Constrict         |    12 |    11 ||    23
         Punch             |     1 |     1 ||     2
         Tentacles         |    11 |     4 ||    15
         Kick              |     5 |    10 ||    15
   Cast: Beastly Appendage |     2 |     7 ||     9
         Spider Form       |       |     3 ||     3
         Wereblood         |       |     1 ||     1
   Stab: Sleeping          |     8 |     2 ||    10
 Armour: Skin              |     1 |     3 ||     4
  Dodge: Dodged            |    18 |    34 ||    52

Table legend: (Time is in decaauts)
 A = Elapsed time spent in this place.
 B = Non-inter-level travel time spent in this place.
 C = Inter-level travel time spent in this place.
 D = Time resting spent in this place.
 E = Time spent auto-exploring this place.
 F = Levels seen in this place.
 G = Mean time per level.
                   A        B        C        D        E       F      G
               +--------+--------+--------+--------+--------+-----+--------+
         Total |   2554 |   2466 |     88 |     32 |   2035 |   4 |  638.5 |
       Dungeon |   2554 |   2466 |     88 |     32 |   2035 |   4 |  638.5 |
               +--------+--------+--------+--------+--------+-----+--------+

Top non-repeatable levels by time:
     D:3: 1130 daAuts
     D:2: 782 daAuts
     D:1: 620 daAuts
     D:4: 20 daAuts
